Map: Disco Bloodbath LE

Players

SpeCial

  • Race: Terran Terran
  • Spawn Location: 3:00

Reynor - Winner!

  • Race: Zerg Zerg
  • Spawn Location: 9:00

VOD

Have the link to the VOD?

Description

Time

  • Played on: Sept. 8, 2019, 2:59 p.m.
  • Length: 19:49
Show
View Real Time Build Order
Export as new Build Order

SpeCial Terran 

Build Orders: Reaper Expand, Mech 

Get SALT Encoding   

  12  0:00  SCV  
  13  0:12  SCV  
  14  0:17  Supply Depot  
  14  0:24  SCV  
  15  0:39  SCV  
  15  0:40  Barracks  
  16  0:43  Refinery  
  16  0:51  SCV  
  17  1:03  SCV  
  18  1:15  SCV  
  19  1:27  Orbital Command, Reaper  
  20  1:38  Command Center  
  20  1:49  Supply Depot  
  20  1:52  SCV  
  21  1:59  Marine  
  22  2:04  Factory  
  22  2:05  SCV  
  23  2:17  SCV  
  23  2:21  Barracks Reactor  
  24  2:29  SCV  
  25  2:37  Command Center  
  25  2:45  SCV  
  25  2:50  Orbital Command, Refinery  
  26  2:58  SCV  
  27  2:59  Starport  
  27  3:01  Marine  
  27  3:04  Marine  
  29  3:10  SCV  
  30  3:17  SCV  
  31  3:22  SCV  
  32  3:29  SCV, Hellion x2  
  38  3:34  SCV  
  38  3:36  Viking  
  38  3:39  Supply Depot  
  40  3:43  SCV  
  40  3:46  SCV  
  42  3:49  Fusion Core  
  42  3:50  Hellion  
  42  3:55  Hellion  
  47  3:58  Orbital Command  
  47  4:00  SCV  
  47  4:01  SCV  
  48  4:06  Supply Depot  
  48  4:07  Starport Tech Lab  
  48  4:13  Refinery  
  48  4:14  Refinery  
  48  4:15  SCV x2  
  50  4:19  Hellion  
  50  4:22  Hellion  
  54  4:26  SCV  
  54  4:28  SCV x2  
  54  4:31  Supply Depot  
  57  4:38  SCV  
  58  4:43  Battlecruiser  
  64  4:46  SCV  
  64  4:47  SCV  
  66  4:53  Hellion  
  66  4:54  Orbital Command, Hellion  
  66  4:55  Supply Depot  
  66  4:58  SCV  
  66  4:59  SCV  
  72  5:02  Armory  
  72  5:10  SCV  
  72  5:12  SCV  
  74  5:20  Hellion x2  
  78  5:23  SCV  
  78  5:24  SCV  
  78  5:27  SCV  
  79  5:30  Supply Depot  
  79  5:34  Factory  
  79  5:35  SCV, Factory  
  80  5:39  SCV  
  81  5:46  SCV  
  81  5:47  SCV  
  81  5:48  Battlecruiser  
  89  5:51  SCV  
  89  5:53  Terran Vehicle Weapons Level 1  
  91  5:57  Hellion x2  
  91  5:58  SCV  
  91  5:59  SCV  
  91  6:03  SCV  
  96  6:10  SCV  
  98  6:11  SCV  
  98  6:13  Supply Depot  
  98  6:15  SCV  
  101  6:18  Hellion  
  101  6:22  Factory Tech Lab x2  
  101  6:23  Supply Depot  
  101  6:25  Supply Depot  
  101  6:32  SCV x2  
  101  6:35  SCV, Hellion  
  101  6:43  Siege Tank x2  
  101  6:44  SCV x2  
  99  6:47  SCV  
  99  6:52  Battlecruiser  
  100  6:56  SCV x2  
  100  6:59  SCV  
  97  7:02  Hellion x2  
  97  7:04  Refinery  
  98  7:08  SCV x2  
  98  7:11  Refinery  
  98  7:15  Siege Tank x2  
  106  7:19  SCV  
  107  7:23  SCV, Hellion  
  107  7:24  Hellion  
  112  7:31  SCV  
  112  7:33  Supply Depot  
  113  7:39  Engineering Bay  
  113  7:43  SCV  
  112  7:45  Hellion x2  
  112  7:47  Siege Tank x2  
  118  7:56  Armory  
  118  7:57  SCV x2, Supply Depot  
  120  7:58  Supply Depot  
  120  8:06  Hellion x2  
  120  8:08  Command Center, Battlecruiser  
  120  8:09  Missile Turret  
  130  8:14  Missile Turret  
  130  8:18  SCV  
  130  8:19  Siege Tank  
  134  8:22  Supply Depot  
  134  8:23  Siege Tank  
  137  8:28  Hellion x2, Weapon Refit  
  137  8:34  SCV x2  
  142  8:35  Factory  
  142  8:40  Supply Depot  
  143  8:46  Factory  
  143  8:49  Hellion x2  
  150  9:00  Mag-Field Accelerator, Cyclone  
  153  9:04  Cyclone  
  153  9:07  Missile Turret  
  147  9:10  Hellion x2  
  147  9:12  SCV x3  
  147  9:14  Missile Turret  
  154  9:20  Battlecruiser  
  155  9:24  SCV  
  155  9:32  Hellion x2  
  159  9:38  Factory Tech Lab, Factory Reactor  
  159  9:40  Cyclone  
  159  9:43  Terran Vehicle And Ship Armor Level 1  
  159  9:44  SCV x3  
  165  9:50  Command Center  
  165  9:53  Cyclone, Hellion x2  
  165  9:57  Refinery x2  
  172  10:00  Terran Vehicle Weapons Level 2  
  172  10:06  Command Center  
  172  10:07  Command Center  
  172  10:09  Planetary Fortress  
  172  10:12  Missile Turret  
  172  10:14  Hellion  
  172  10:16  Hellion x2  
  161  10:46  Hellion x2  
  161  10:47  Hellion x2  
  169  10:51  Battlecruiser  
  169  10:55  Siege Tank x2  
  169  10:56  Hellion  
  175  11:06  Barracks  
  175  11:08  Command Center  
  175  11:10  Infernal Pre-Igniter  
  173  11:24  Hellion x2  
  173  11:25  Cyclone, Hellion x2  
  152  11:27  Cyclone  
  152  11:31  Cyclone  
  158  11:32  Starport  
  158  11:35  Starport  
  158  11:40  Command Center  
  158  11:42  Command Center  
  158  11:50  Hellion x4  
  166  11:54  Orbital Command  
  166  11:55  Orbital Command, Battlecruiser  
  166  11:59  Cyclone  
  175  12:04  Cyclone  
  178  12:14  Starport Tech Lab x2  
  178  12:21  Orbital Command  
  172  12:23  Barracks  
  172  12:25  Sensor Tower, Terran Vehicle And Ship Armor Level 2  
  172  12:26  Terran Ship Weapons Level 1  
  172  12:27  Hellion  
  172  12:28  Hellion x2  
  172  12:29  Hellion  
  178  12:30  Cyclone  
  179  12:40  Battlecruiser  
  170  12:53  Battlecruiser  
  170  13:07  Orbital Command  
  170  13:08  Supply Depot  
  170  13:09  Supply Depot  
  170  13:10  Battlecruiser  
  176  13:23  Refinery  
  176  13:28  Refinery  
  176  13:30  Missile Turret  
  180  13:34  Hellion x4  
  180  13:35  Siege Tank x2, Hellion  
  192  13:42  SCV x2  
  192  13:44  Battlecruiser  
  193  13:55  Hellion  
  193  13:56  Siege Tank  
  193  14:02  SCV x3  
  176  14:07  Siege Tank  
  176  14:08  Orbital Command  
  177  14:10  Battlecruiser  
  177  14:14  Orbital Command, Battlecruiser  
  185  14:23  SCV x2  
  177  14:25  Orbital Command  
  177  14:35  Hellion x4  
  185  14:41  Cyclone  
  185  14:44  Terran Ship Weapons Level 2  
  188  14:48  Battlecruiser  
  187  15:00  Cyclone x2  
  187  15:02  Hellion x2  
  179  15:13  Cyclone  
  149  15:28  SCV x2  
  145  15:32  Cyclone  
  145  15:33  Cyclone  
  151  15:37  Hellion x2  
  151  15:39  Hellion  
  151  15:40  SCV x2  
  151  15:42  Liberator  
  155  15:45  Cyclone  
  154  15:54  Hellion, Refinery  
  152  15:59  Hellion  
  151  16:05  Cyclone x2  
  157  16:14  Hellion  
  157  16:16  Hellion  
  157  16:17  Cyclone  
  164  16:22  Orbital Command  
  164  16:24  Orbital Command  
  165  16:33  Battlecruiser  
  165  16:37  Cyclone  
  162  16:40  SCV  
  162  16:42  Hellion x2  
  166  16:47  Supply Depot x2  
  166  16:51  SCV x4  
  170  16:59  Supply Depot  
  170  17:02  Battlecruiser  
  170  17:04  Battlecruiser  
  170  17:09  Orbital Command  
  164  17:22  Siege Tank x2  
  157  17:23  Hellion  
  157  17:26  Hellion  
  161  17:32  Hellion  
  161  17:33  Siege Tank  
  161  17:36  Hellion x6  
  164  17:37  SCV  
  164  17:38  Battlecruiser  
  164  17:42  SCV  
  164  17:44  SCV x2, Orbital Command  
  173  17:45  Hellion x2  
  173  17:48  Refinery  
  179  17:51  Hellion  
  179  17:54  Siege Tank x2  
  171  17:59  Hellion  
  171  18:05  Siege Tank  
  159  18:10  SCV x6  
  160  18:22  SCV x3  
  157  18:28  Hellion x2  
  144  18:43  SCV  
  144  18:48  SCV  
  146  18:51  Hellion  
  137  18:59  Orbital Command  
  109  19:03  SCV  
  109  19:05  Hellion x2  
  109  19:09  SCV  
  103  19:12  SCV  
Show
View Real Time Build Order
Export as new Build Order

Reynor Zerg - Winner!

Build Orders: Hatch First 

Get SALT Encoding   

  12  0:00  Drone  
  13  0:13  Overlord  
  13  0:16  Drone  
  14  0:31  Drone x2  
  16  0:49  Hatchery  
  15  0:51  Drone  
  15  0:55  Drone  
  17  0:58  Drone  
  18  1:08  Extractor  
  17  1:13  Spawning Pool  
  17  1:17  Drone  
  17  1:20  Drone  
  18  1:28  Drone  
  19  1:39  Drone  
  20  1:49  Overlord  
  20  2:00  Queen  
  20  2:01  Queen  
  24  2:02  Zergling x4  
  26  2:11  Drone  
  26  2:12  Drone  
  28  2:23  Hatchery  
  28  2:26  Drone  
  28  2:34  Extractor  
  28  2:36  Pneumatized Carapace  
  27  2:39  Drone x3  
  31  2:46  Queen  
  33  2:51  Overlord  
  33  2:54  Drone  
  33  2:56  Drone  
  35  2:59  Drone  
  36  3:10  Drone x3  
  36  3:11  Drone x2  
  41  3:18  Overlord  
  42  3:20  Drone  
  42  3:23  Metabolic Boost  
  42  3:27  Queen  
  44  3:35  Overlord  
  44  3:36  Drone x2  
  44  3:40  Drone x3  
  49  3:43  Drone x2  
  49  3:47  Drone  
  52  3:49  Drone  
  52  3:52  Queen  
  52  3:53  Drone  
  56  3:57  Drone x2  
  56  3:58  Drone  
  56  4:00  Drone  
  60  4:06  Zergling x4  
  60  4:08  Queen  
  64  4:10  Drone  
  64  4:13  Spore Crawler  
  64  4:14  Zergling x4  
  66  4:20  Overlord  
  66  4:21  Spore Crawler, Overlord  
  65  4:29  Overlord  
  65  4:37  Extractor  
  65  4:38  Lair, Extractor  
  64  4:39  Zergling x6  
  64  4:41  Roach Warren  
  64  4:44  Overlord  
  64  4:45  Drone x5  
  70  4:48  Drone  
  71  4:53  Drone x3  
  71  4:58  Overlord  
  74  5:02  Spore Crawler, Drone x2  
  74  5:03  Drone x2  
  74  5:05  Drone x2  
  79  5:07  Drone x2  
  81  5:26  Roach  
  81  5:27  Roach x3  
  81  5:28  Overlord x2  
  89  5:29  Drone  
  89  5:30  Drone, Extractor  
  89  5:31  Overlord  
  90  5:37  Drone  
  90  5:38  Overlord, Drone x2  
  90  5:41  Glial Reconstitution  
  89  5:44  Overlord, Evolution Chamber x2  
  89  5:46  Drone x4  
  89  5:47  Queen  
  93  5:51  Roach  
  93  5:52  Overseer  
  93  5:55  Roach  
  93  5:56  Queen  
  98  5:59  Drone  
  97  6:08  Drone x5  
  99  6:15  Hatchery  
  99  6:17  Drone x2  
  100  6:19  Extractor  
  100  6:25  Roach x4  
  105  6:30  Extractor  
  103  6:34  Roach x3  
  103  6:35  Roach x2  
  103  6:39  Overlord  
  109  6:41  Drone x2  
  109  6:46  Zerg Melee Weapons Level 1  
  105  6:47  Zerg Missile Weapons Level 1, Drone x3  
  105  6:51  Overlord  
  105  6:52  Drone x2  
  104  6:57  Drone  
  105  7:06  Queen  
  105  7:07  Spire  
  100  7:09  Drone x3  
  100  7:11  Drone  
  102  7:18  Spore Crawler  
  102  7:22  Drone x7  
  108  7:26  Baneling Nest  
  108  7:28  Queen  
  109  7:33  Roach  
  109  7:34  Roach x2  
  109  7:35  Overlord  
  109  7:36  Drone x2  
  113  7:46  Drone x6  
  119  7:56  Drone x6  
  125  8:00  Spore Crawler x2  
  125  8:03  Drone  
  124  8:18  Corruptor x6  
  130  8:26  Corruptor x3  
  136  8:31  Drone x5  
  136  8:46  Overlord  
  130  8:50  Zerg Flyer Weapons Level 1  
  130  8:51  Drone x5  
  135  8:58  Infestation Pit  
  135  9:02  Extractor  
  131  9:03  Extractor  
  131  9:04  Queen  
  131  9:08  Zerg Melee Weapons Level 2, Zerg Missile Weapons Level 2  
  132  9:12  Corruptor  
  132  9:14  Zergling x20  
  144  9:18  Roach x3  
  144  9:19  Overlord, Hatchery  
  149  9:28  Overlord  
  149  9:29  Zergling x4, Roach x2  
  149  9:30  Zergling x4  
  157  9:37  Corruptor  
  159  9:42  Hive  
  157  9:48  Drone x6  
  157  9:51  Ravager, Spine Crawler  
  157  9:52  Ravager, Spine Crawler  
  163  9:53  Corruptor x2  
  163  9:55  Overlord  
  167  10:04  Baneling x11  
  167  10:12  Overlord  
  167  10:13  Overseer  
  167  10:15  Ravager x2  
  167  10:16  Ravager  
  167  10:17  Corruptor  
  167  10:21  Drone x5  
  176  10:22  Overlord  
  176  10:31  Zergling x16, Roach x2  
  179  10:39  Extractor  
  179  10:40  Zergling x14  
  179  10:41  Zergling x12  
  171  10:43  Extractor  
  171  10:46  Overlord  
  170  10:50  Drone x3  
  170  10:55  Ravager  
  170  10:56  Ravager  
  170  10:57  Baneling x7  
  175  10:58  Zergling x16  
  183  11:04  Corruptor x3  
  183  11:05  Hatchery  
  183  11:09  Drone x5  
  192  11:12  Centrifical Hooks  
  192  11:14  Baneling x3  
  192  11:18  Zergling x6, Roach x2  
  197  11:24  Corruptor x3  
  190  11:30  Drone x2  
  192  11:36  Drone  
  192  11:37  Zerg Flyer Weapons Level 2  
  192  11:39  Spire, Corruptor x2  
  196  11:42  Infestor  
  196  11:44  Ravager  
  196  11:45  Ravager  
  199  11:48  Baneling x2  
  199  11:49  Baneling x2  
  195  12:05  Drone x5  
  195  12:07  Corruptor x2  
  179  12:10  Zergling x8, Roach x7  
  179  12:12  Drone  
  179  12:13  Drone x2  
  191  12:20  Corruptor x2  
  190  12:24  Ravager  
  190  12:25  Ravager, Zergling x10  
  196  12:31  Zergling x10  
  196  12:34  Drone  
  196  12:36  Drone x2  
  200  12:43  Zergling x2  
  196  12:53  Drone  
  196  12:54  Drone x2  
  198  12:59  Baneling x5  
  198  13:12  Spine Crawler  
  197  13:16  Spine Crawler  
  195  13:25  Zergling x14  
  197  13:33  Zerg Flyer Armor Level 1  
  197  13:39  Overlord  
  195  13:45  Corruptor  
  192  13:51  Corruptor x2  
  192  13:56  Corruptor x2  
  192  14:00  Corruptor x5  
  185  14:04  Hatchery  
  182  14:10  Corruptor x4  
  182  14:16  Overlord  
  184  14:22  Zergling x26  
  190  14:30  Baneling x4  
  190  14:31  Overlord x3  
  190  14:38  Zergling x10, Roach  
  194  14:43  Baneling x11  
  197  14:47  Baneling  
  197  14:48  Baneling x4  
  197  14:52  Hatchery  
  187  15:01  Zergling x18  
  180  15:11  Zergling x12  
  166  15:24  Greater Spire  
  162  15:28  Drone x4  
  162  15:29  Drone x4  
  162  15:33  Baneling  
  162  15:34  Roach x7, Baneling x4  
  181  15:45  Adrenal Glands  
  181  15:46  Zerg Melee Weapons Level 3, Zerg Missile Weapons Level 3  
  172  15:54  Queen, Drone x3  
  173  16:04  Corruptor  
  173  16:05  Corruptor x4  
  173  16:07  Baneling x6  
  173  16:08  Corruptor  
  173  16:09  Corruptor x6  
  185  16:26  Infestor x2  
  185  16:28  Extractor  
  185  16:29  Zergling x16  
  185  16:30  Zergling x2, Roach x2, Extractor  
  185  16:31  Zergling x8  
  197  16:48  Ravager  
  197  16:49  Ravager x2  
  200  16:55  Burrow  
  167  17:19  Zergling x10  
  167  17:20  Zergling x18  
  174  17:23  Zergling x4, Roach x2  
  174  17:24  Zergling x2  
  174  17:27  Zergling x10, Roach  
  174  17:28  Zergling x8  
  176  17:30  Roach x2  
  176  17:31  Ravager x3  
  176  17:33  Zergling x8  
  186  17:40  Brood Lord x6  
  186  17:42  Baneling x15  
  196  17:49  Baneling x6  
  190  18:00  Zergling x10  
  190  18:01  Zergling x8  
  198  18:06  Spore Crawler x2  
  198  18:12  Zergling x10  
  192  18:13  Zergling x8  
  196  18:25  Zergling x2, Roach x2  
  197  18:31  Extractor  
  197  18:32  Extractor  
  197  18:33  Corruptor x6  
  200  18:40  Corruptor x3  
  195  18:44  Corruptor  
  195  18:45  Corruptor  
  184  19:00  Corruptor x3  
  169  19:05  Zergling x14  
  169  19:09  Zergling x2, Roach x3  
  168  19:10  Zergling x14  
  168  19:16  Roach x9  
  168  19:17  Roach x3  
  182  19:21  Ravager x2  
  182  19:22  Baneling  
  182  19:23  Baneling  
Tags
 
Add a new tag
Caveats
  • Supply blocks, unpowered buildings, or Contaminate may cause inaccurate times.
  • Supply counts are checked every 10 seconds.